 Dungeon Crawl Stone Soup version 0.25-a0-635-g0c6c292ef3 (webtiles) character file.

Game seed: 16384004348319629325, levelgen mode: deterministic

19592 kae the Severer (level 12, -3/106 HPs)
             Began as a Hill Orc Fighter on Mar 20, 2020.
             Was an Elder of Qazlal.
             Slain by a hippogriff (6 damage)
             ... on level 1 of the Lair of Beasts.
             The game lasted 00:12:20 (11746 turns).

kae the Severer (Hill Orc Fighter)                 Turns: 11746, Time: 00:12:20

Health: -3/106     AC: 12    Str: 24    XL:     12   Next: 70%
Magic:  21/22      EV: 10    Int: 18    God:    Qazlal [****..]
Gold:   749        SH: 11    Dex:  8    Spells: 11/11 levels left

rFire    + . .     SeeInvis .   t - +6 battleaxe (flame)
rCold    + . .     Gourm    .   (shield currently unavailable)
rNeg     + . .     Faith    .   i - quicksilver dragon scales
rPois    +         Spirit   .   (no helmet)
rElec    .         Reflect  +   I - scarf {rC+ rF+}
rCorr    .         Harm     .   c - +1 pair of gloves of Hopscotch {Int+10 Dex-2}
MR       +....                  (no boots)
Stlth    ..........             H - +6 amulet of reflection
HPRegen  0.27/turn              C - ring of positive energy
MPRegen  0.18/turn              y - ring of poison resistance

@: studying Dodging, repel missiles
A: no striking features
a: Upheaval, Elemental Force, Renounce Religion


You were on level 1 of the Lair of Beasts.
You worshipped Qazlal.
Qazlal was greatly pleased with you.
You were not hungry.

You visited 3 branches of the dungeon, and saw 14 of its levels.
You also visited: Sewer.

You collected 980 gold pieces.
You spent 231 gold pieces at shops.

Inventory:

Hand Weapons
 a - a +3 war axe
 t - a +6 battleaxe of flaming (weapon)
Armour
 c - the +1 pair of gloves of Hopscotch (worn) {Int+10 Dex-2}
   (You bought it in a shop on level 12 of the Dungeon)

   It affects your intelligence (+10).
   It affects your dexterity (-2).
 i - quicksilver dragon scales (worn)
 q - a +2 pair of gloves
 I - a scarf of resistance (worn)
Jewellery
 y - a ring of poison resistance (right hand)
 C - a ring of positive energy (left hand)
 H - a +6 amulet of reflection (around neck)
Wands
 b - a wand of iceblast (4)
 k - a wand of acid (13)
 E - a wand of paralysis (8)
Scrolls
 g - 8 scrolls of remove curse
 j - 11 scrolls of teleportation
 l - 2 scrolls of fear
 o - a scroll of amnesia
 p - 2 scrolls of blinking
 A - 2 scrolls of magic mapping
 B - 3 scrolls of fog
 D - 2 scrolls of enchant armour
Potions
 d - 7 potions of might
 e - 5 potions of heal wounds
 h - 4 potions of lignification
 m - 3 potions of haste {unknown}
 n - 2 potions of resistance
 r - 2 potions of invisibility
 s - a potion of berserk rage
 v - a potion of cancellation
 w - 4 potions of stabbing {unknown}
 x - 2 potions of magic {unknown}
 z - a potion of flight {unknown}
 G - a potion of degeneration {unknown}
Books
 u - a manual of Dodging
Comestibles
 f - 25 rations


   Skills:
 - Level 10.0 Fighting
 * Level 18.3 Axes
 - Level 3.3 Armour
   Level 3.2 Shields
 * Level 14.6 Invocations


You had 11 spell levels left.
You didn't know any spells.
Your spell library contained the following spells:

 Spells                   Type           Power        Failure   Level  Hunger
 Corona                   Hex            #......      32%         1    ##.....
 Magic Dart               Conj           #...         32%         1    ##.....
 Summon Small Mammal      Summ           #...         32%         1    ##.....
 Blink                    Tloc           N/A          45%         2    ###....
 Call Imp                 Summ           #.......     45%         2    ###....
 Ensorcelled Hibernation  Hex/Ice        #.....       45%         2    ###....
 Slow                     Hex            #.......     45%         2    ###....
 Call Canine Familiar     Summ           #.......     69%         3    ####...
 Confusing Touch          Hex            #.......     69%         3    ####...
 Conjure Flame            Conj/Fire      #.......     69%         3    ####...
 Dazzling Flash           Conj/Hex       #.....       69%         3    ####...
 Mephitic Cloud           Conj/Pois/Air  #.......     69%         3    ####...
 Summon Guardian Golem    Hex/Summ       #.......     69%         3    ####...
 Tukima's Dance           Hex            #.......     69%         3    ####...
 Summon Ice Beast         Ice/Summ       #.......     97%         4    #####..
 Summon Lightning Spire   Summ/Air       #.......     97%         4    #####..
 Bolt of Magma            Conj/Fire/Erth #.........   100%        5    ######.
 Iskenderun's Battlesphe  Conj/Chrm      #.......     100%        5    ######.
 Iron Shot                Conj/Erth      #.........   100%        6    #######
 Orb of Destruction       Conj           #.........   100%        7    #######
 Spellforged Servitor     Conj/Summ      #.........   100%        7    #######


Dungeon Overview and Level Annotations

Branches:
Dungeon (12/15)            Temple (1/1) D:7            Lair (1/6) D:10
    Orc (0/2) D:10          Sewer (visited)

Altars:
Ashenzari
Cheibriados
Dithmenos
Elyvilon
Fedhas
Gozag
Hepliaklqana
Kikubaaqudgha
Makhleb
Nemelex Xobeh
Okawaru
Qazlal
Ru
Sif Muna
Trog
Uskayaw
Vehumet
Wu Jian
Xom
Yredelemnul
Zin
The Shining One

Shops:
D:5 *   D:12 [*[(*

Annotations:
D:10 2 runed translucent doors


Message History

You slash the hippogriff! You burn the hippogriff.
The hippogriff is lightly wounded.
The hippogriff bites you but does no damage.
The hippogriff pecks you but does no damage.
The hippogriff claws you.
* * * LOW HITPOINT WARNING * * *
You hit the hippogriff. You burn the hippogriff.
The hippogriff is moderately wounded.
The hippogriff bites you.
* * * LOW HITPOINT WARNING * * *
The hippogriff completely misses you. The hippogriff claws you.
* * * LOW HITPOINT WARNING * * *
You slash the hippogriff! You burn the hippogriff.
The hippogriff is heavily wounded.
You hit the crocodile. You burn the crocodile.
You block the crocodile's attack.
You closely miss the crocodile.
The crocodile is lightly wounded.
You closely miss the hippogriff. The hippogriff bites you.
You die...

.# ..# .......
.##..#.......
.......(.... ..
........... #..
##..........
#..P#...........
....#...........
........Ht○.....
......°.@.......
................
......○.†.......
##....#..?....... #
#..####%%##.....#
#.##.##.†..........
#....##...........
#.................
...#.............


You could see a hippogriff and a crocodile.

Vanquished Creatures
  Harold (D:7)
  A two-headed ogre (D:8)
  Sonja (D:10)
  An unseen horror (D:8)
  Pikel (D:8)
  A cyclops (D:12)
  An orc sorcerer (D:9)
  3 ugly things
  2 slime creatures (D:12)
  3 deep elf magi
  2 centaur zombies
  A gargoyle (D:12)
  A spiny frog (Lair:1)
  A komodo dragon (Lair:1)
  2 trolls (D:10)
  6 hippogriffs
  A spriggan (D:10)
  A human (D:10)
  16 yaks
  A wyvern (D:11)
  3 hungry ghosts
  A steam dragon (D:11)
  2 water moccasins
  A porcupine (Lair:1)
  6 orc warriors
  4 ice beasts
  4 slaves (D:8)
  2 phantoms (D:8)
  An eye of draining (D:10)
  A sky beast (D:5)
  A necrophage (D:6)
  A black bear (D:6)
  7 ogres
  5 wolves
  3 centaurs
  8 crocodiles (Lair:1)
  2 big kobolds
  6 bullfrogs
  A water moccasin zombie (D:11)
  3 scorpions
  14 killer bees
  3 electric eels (D:10)
  4 wights (D:8)
  3 howler monkeys
  3 crimson imps
  A quasit (D:6)
  12 hounds
  A jelly (D:8)
  7 orc wizards
  A gnoll shaman (D:8)
  2 orc priests
  Crazy Yiuf (D:7)
  2 bullfrog skeletons
  4 iguanas
  10 worker ants
  A hound zombie (D:10)
  A hound skeleton (D:4)
  A worker ant zombie (D:7)
  11 gnolls
  9 adders
  2 river rats (Sewer)
  2 shadow imps
  2 oozes
  2 adder skeletons
  5 worms
  2 dart slugs (D:1)
  6 leopard geckos
  25 orcs
  3 ball pythons (Sewer)
  6 giant cockroaches
  8 goblins
  8 hobgoblins
  8 jackals
  13 kobolds
  5 quokkas
  6 bats
  5 frilled lizards
  2 jackal skeletons
  A leopard gecko skeleton (D:5)
  8 rats
  A fungus (D:7)
320 creatures vanquished.

Notes
Turn   | Place    | Note
-------+----------+-------------------------------------------
     0 | D:1      | kae the Hill Orc Fighter began the quest for the Orb.
     0 | D:1      | Reached XP level 1. HP: 19/19 MP: 1/1
    35 | D:1      | Reached skill level 3 in Axes
    39 | D:1      | Reached XP level 2. HP: 19/27 MP: 2/2
   454 | D:1      | Reached skill level 4 in Axes
   501 | D:1      | Reached XP level 3. HP: 33/33 MP: 3/3
  1170 | D:2      | Found a sacrificial altar of Ru.
  1699 | D:2      | You fall into a shaft and drop 1 floor!
  1715 | D:3      | Reached XP level 4. HP: 41/41 MP: 4/4
  1990 | D:3      | Reached skill level 5 in Axes
  2033 | D:3      | Found a sparkling altar of Nemelex Xobeh.
  2625 | D:4      | Reached XP level 5. HP: 47/47 MP: 5/5
  2652 | D:4      | Reached skill level 5 in Fighting
  2652 | D:4      | Reached skill level 6 in Axes
  3047 | D:4      | Reached XP level 6. HP: 56/56 MP: 6/6
  3182 | D:4      | Found a hazy altar of Hepliaklqana.
  3284 | D:5      | Entered Level 5 of the Dungeon
  3298 | D:5      | Reached skill level 7 in Axes
  3472 | D:5      | Found Nihonwae's Needful Niceties.
  3514 | D:5      | Noticed a water moccasin
  3523 | D:5      | Killed a water moccasin
  3523 | D:5      | Reached skill level 8 in Axes
  3523 | D:5      | Reached XP level 7. HP: 54/63 MP: 7/7
  3683 | D:5      | Reached skill level 9 in Axes
  3703 | D:5      | Reached XP level 8. HP: 45/73 MP: 8/8
  3871 | D:5      | Reached skill level 10 in Axes
  4024 | D:6      | Found a shattered altar of Ashenzari.
  4142 | D:6      | Found a shattered altar of Ashenzari.
  4352 | D:6      | Reached skill level 11 in Axes
  4570 | D:6      | Found a glowing drain.
  4576 | Sewer    | Entered a sewer
  4844 | Sewer    | Reached XP level 9. HP: 75/82 MP: 9/9
  5220 | D:6      | Found a glowing golden altar of the Shining One.
  5632 | D:7      | Reached skill level 12 in Axes
  5669 | D:7      | Found a staircase to the Ecumenical Temple.
  5860 | Temple   | Entered the Ecumenical Temple
  5980 | Temple   | Became a worshipper of Qazlal Stormbringer
  6030 | D:7      | Reached skill level 1 in Invocations
  6521 | D:7      | Noticed Harold
  6530 | D:7      | Killed Harold
  6530 | D:7      | Reached skill level 13 in Axes
  6612 | D:7      | Reached skill level 5 in Invocations
  6755 | D:7      | Found a runed translucent door.
  6756 | D:7      | Noticed Crazy Yiuf
  6761 | D:7      | Killed Crazy Yiuf
  6827 | D:8      | Reached XP level 10. HP: 92/92 MP: 14/14
  6981 | D:8      | Reached skill level 10 in Fighting
  6981 | D:8      | Reached skill level 14 in Axes
  7003 | D:8      | Killed an unseen horror
  7181 | D:8      | Reached * piety under Qazlal
  7254 | D:8      | Noticed a two-headed ogre
  7265 | D:8      | Killed a two-headed ogre
  7283 | D:8      | Noticed Pikel
  7293 | D:8      | Killed Pikel
  7293 | D:8      | Reached skill level 15 in Axes
  7368 | D:8      | Reached XP level 11. HP: 75/99 MP: 18/18
  7685 | D:9      | Reached skill level 10 in Invocations
  7757 | D:9      | Reached ** piety under Qazlal
  8617 | D:9      | Noticed an orc sorcerer
  8629 | D:9      | Killed an orc sorcerer
  8756 | D:10     | Entered Level 10 of the Dungeon
  9029 | D:10     | Reached skill level 16 in Axes
  9103 | D:10     | Found a staircase to the Lair.
  9116 | D:10     | Noticed a deep elf mage
  9123 | D:10     | Killed a deep elf mage
  9287 | D:10     | Noticed Sonja
  9299 | D:10     | Killed Sonja
  9299 | D:10     | Reached *** piety under Qazlal
  9483 | D:10     | Found a staircase to the Orcish Mines.
  9485 | D:10     | Found a runed translucent door.
  9485 | D:10     | Noticed a fire dragon
  9487 | D:10     | Noticed an ice dragon
  9489 | D:10     | Noticed an ice dragon
  9490 | D:10     | Found the +2 shield of Resistance {rF+ rC+ MR+}
  9490 | D:10     | Noticed a fire dragon
  9495 | D:10     | Found a runed translucent door.
 10215 | D:11     | Found a hazy altar of Hepliaklqana.
 10260 | D:11     | Noticed a white ugly thing
 10265 | D:11     | Killed a white ugly thing
 10265 | D:11     | Reached skill level 17 in Axes
 10265 | D:11     | Reached XP level 12. HP: 88/106 MP: 21/21
 10701 | D:12     | Found Bonosmiqe's Armour Emporium.
 10786 | D:12     | Found Acom's Antique Armour Boutique.
 10802 | D:12     | Found Tola's Assorted Antiques.
 10817 | D:12     | Bought a pair of faintly glowing gloves for 209 gold pieces
 10817 | D:12     | Bought a scroll labeled NAMUHI YLEIJANT for 22 gold pieces
 10910 | D:12     | Identified the +1 pair of gloves of Hopscotch {Int+10
                  | Dex-2} (You bought it in a shop on level 12 of the Dungeon)
 10918 | D:12     | Found Vextudae's General Store.
 11028 | D:12     | Found Kuvvibem's Antique Weapon Shoppe.
 11093 | D:12     | Reached **** piety under Qazlal
 11104 | D:12     | Reached skill level 18 in Axes
 11569 | Lair:1   | Entered Level 1 of the Lair of Beasts
 11744 | Lair:1   | HP: 3/106 [hippogriff (6)]
 11746 | Lair:1   | Slain by a hippogriff

Levels and vault maps discovered:
D:1:      ncdulo_lavacross, layout_basic, st_stairs_10, minmay_split_cup_small
D:2:      layout_loops_corners, nicolae_ru_the_path_less_chosen
D:3:      layout_loops_ring, first_ration, nemelex_xobeh_ov_fountains_minmay
D:4:      layout_basic, overflow_temple_1_default
D:5:      layout_gridville, nicolae_alphabet_shops, minmay_holes,
          minmay_manual_monolith
D:6:      layout_layer_cave, gup_sewer_entry_spiral, basic_altar,
          hangedman_feature_mirror
D:7:      layout_loops_cross, minmay_temple_entry_drinking_statues,
          uniq_crazy_yiuf_cottage, uniq_harold
D:8:      layout_rooms, uniq_pikel
D:9:      cheibrodos_wizards_tower, layout_layer_cave
D:10:     layout_loops_ring, erik_lair_island, hangedman_stone_soup,
          chequers_serial_rivers_micro_b, minivault_27,
          minmay_guarded_unrand_resistance, uniq_sonja
D:11:     layout_roguey, basic_altar
D:12:     layout_basic, serial_shops, nicolae_shop_behind_doors,
          nicolae_shop_temple_entry_statues_fountains, nicolae_shop_statue_plus,
          shop, nicolae_shop_stone, hangedman_abyss_or_decor_jellyfish_corner
Temple:   nicolae_temple_the_god_donut
Lair:1:   layout_gridlike, beast_lair_carwin_10

Skill      XL: |  1  2  3  4  5  6  7  8  9 10 11 12 |
---------------+-------------------------------------+-----
Axes           | 3 4 5 6 8 9 11 13 15 17 18 | 18.3
Fighting       | 4 5 6 7 8 9 10 | 10.0
Invocations    | 5 9 12 14 | 14.6
Armour         | |  3.3
Shields        | |  3.2

Action                   |  1- 3 |  4- 6 |  7- 9 | 10-12 || total
-------------------------+-------+-------+-------+-------++-------
Melee: War axe           |   116 |   120 |    36 |       ||   272
       Battleaxe         |       |       |   184 |   394 ||   578
Invok: Upheaval          |       |       |       |     1 ||     1
Evoke: Wand              |       |       |       |     7 ||     7
  Use: Scroll            |       |    16 |     6 |     8 ||    30
       Potion            |       |       |     6 |       ||     6
  Eat: Chunk             |     2 |     7 |     9 |    18 ||    36
       Ration            |       |       |     1 |       ||     1
Armor: Scale mail        |    67 |    32 |       |       ||    99
       Quicksilver drago |       |    22 |   110 |   140 ||   272
Dodge: Dodged            |    57 |    38 |   122 |   141 ||   358
Block: Kite shield       |    68 |    58 |    20 |       ||   146
       Other             |       |       |       |   103 ||   103
       Reflection        |       |       |       |     5 ||     5

Table legend:
 A = Non-vault XP
 B = Vault XP
 C = Vault XP percentage of total XP
 D = Non-vault monster count
 E = Vault monster count
 F = Vault count percentage of total count
                 A         B        C        D         E       F
            +---------+---------+-------+---------+---------+-------
      Total |   21708 |    6281 |  22.4 |     252 |      63 |  20.0
            +---------+---------+-------+---------+---------+-------
        D:1 |      30 |      15 |  33.3 |      16 |       7 |  30.4
        D:2 |      31 |       0 |   0.0 |      14 |       0 |   0.0
        D:3 |      36 |       0 |   0.0 |      13 |       0 |   0.0
        D:4 |     221 |       0 |   0.0 |      12 |       0 |   0.0
        D:5 |     724 |     283 |  28.1 |      22 |       4 |  15.4
        D:6 |     689 |     190 |  21.6 |      16 |       8 |  33.3
        D:7 |    1074 |    1027 |  48.9 |      17 |       2 |  10.5
        D:8 |    4292 |     593 |  12.1 |      46 |       1 |   2.1
        D:9 |    1158 |     543 |  31.9 |      13 |       1 |   7.1
       D:10 |    2196 |    2491 |  53.1 |      24 |      14 |  36.8
       D:11 |    3416 |       0 |   0.0 |      27 |       0 |   0.0
       D:12 |    6177 |       0 |   0.0 |      22 |       0 |   0.0
     Lair:1 |    1664 |     963 |  36.7 |      10 |       8 |  44.4
      Sewer |       0 |     176 | 100.0 |       0 |      18 | 100.0
            +---------+---------+-------+---------+---------+-------
